 Dungeon Crawl Stone Soup version 0.19-a0-1686-g35356ef (webtiles) character file.

13487 George the Carver (level 11, -5/101 HPs)
             Began as a Minotaur Fighter on Sept 25, 2016.
             Was a High Priest of Okawaru.
             Slain by a komodo dragon (14 damage)
             ... on level 12 of the Dungeon.
             The game lasted 00:35:39 (12029 turns).

George the Carver (Minotaur Fighter)               Turns: 12029, Time: 00:35:40

Health: -5/101     AC: 21    Str: 22    XL:     11   Next: 76%
Magic:  12/14      EV: 11    Int:  5    God:    Okawaru [*****.]
Gold:   491        SH: 15    Dex: 12    Spells: 0 memorised, 10 levels left

rFire  . . .     SeeInvis +     a - +0 long sword
rCold  + . .     Gourm    .     W - +1 chain mail {rC+}
rNeg   . . .     Faith    .     c - +1 shield
rPois  .         Spirit   .     (helmet restricted)
rElec  .         Dismiss  .     G - +1 cloak
rCorr  .         Reflect  .     F - +1 pair of gloves
MR     +....     Harm     +     (no boots)
Stlth  .......... Clarity  +    P - amulet of harm
                                K - +3 ring of slaying
                                L - ring of protection from magic

@: heroism
A: retaliatory headbutt, horns 2, see invisible, clarity, evolution 1
a: Heroism, Finesse, Renounce Religion


You were on level 12 of the Dungeon.
You worshipped Okawaru.
Okawaru was extremely pleased with you.
You were very hungry.

You visited 2 branches of the dungeon, and saw 13 of its levels.
You also visited: Labyrinth.

You collected 603 gold pieces.
You spent 112 gold pieces at shops.

Inventory:

Hand Weapons
 a - a +0 long sword (weapon)
 v - a +2 rapier of venom
Missiles
 x - 8 javelins (quivered)
 M - 3 throwing nets
Armour
 c - a +1 shield (worn)
 F - a +1 pair of gloves (worn)
 G - a +1 cloak (worn)
 W - a +1 chain mail of cold resistance (worn)
 X - the +2 cloak of the Thief {+Fog Slay-2 SInv Stlth+}
   (You found it in a labyrinth)

   It affects your accuracy and damage with ranged weapons and melee attacks
   (-2).
   It lets you see invisible.
   It can be evoked to emit clouds of fog.
   It makes you more stealthy.
Rods
 H - a +1 rod of ignition (13/14)
   (You found it in a labyrinth)
 R - a +5 rod of inaccuracy (1/12)
   (You found it in a labyrinth)
 T - a +3 lightning rod (1/9)
   (You found it in a labyrinth)
Jewellery
 m - an uncursed ring of protection from cold
 K - a +3 ring of slaying (right hand)
 L - a ring of protection from magic (left hand)
 P - an amulet of harm (around neck)
Wands
 h - a wand of disintegration (12/24)
 t - a wand of random effects (18/48)
 u - a wand of iceblast (4/15)
 J - a wand of iceblast (15/15)
 N - a wand of acid (10/15)
 Q - a wand of random effects (12/48)
 U - a wand of digging (11/24)
Scrolls
 e - 5 scrolls of remove curse
 g - a scroll of blinking {unknown}
 l - 2 scrolls of recharging
 o - 3 scrolls of enchant armour
 q - 6 scrolls of teleportation
 r - a scroll of magic mapping
 y - a scroll of torment {unknown}
 B - 2 scrolls of fog {unknown}
 C - a scroll of acquirement {unknown}
 O - 2 scrolls of enchant weapon {unknown}
 Z - a scroll of identify
Potions
 b - 2 potions of magic
 d - 4 potions of might
 j - a potion of cancellation
 k - 7 potions of curing
 p - 2 potions of haste
 s - a potion of cure mutation
 w - a potion of brilliance
 z - 4 potions of flight
 A - 3 potions of resistance
 D - 3 potions of heal wounds
 I - a potion of ambrosia
Miscellaneous
 i - a phantom mirror
 S - a box of beasts
 Y - a sack of spiders
Comestibles
 f - 8 bread rations
 n - 9 meat rations
 E - 8 beef jerkies


   Skills:
 + Level 10.7(15.7) Fighting
 + Level 12.3(17.3) Long Blades
 + Level 10.8(15.8) Armour
 + Level 11.0(16.0) Shields
 + Level 6.2 Invocations


You had 10 spell levels left.
You didn't know any spells.

Dungeon Overview and Level Annotations

Branches:
Dungeon (12/15)            Temple (1/1) D:7            Lair (0/6) D:9
    Orc: D:9-12

Altars:
Ashenzari
Cheibriados
Dithmenos
Elyvilon
Fedhas
Gozag
Hepliaklqana
Kikubaaqudgha
Makhleb
Nemelex Xobeh
Okawaru
Qazlal
Ru
Sif Muna
Trog
Uskayaw
Vehumet
Xom
Yredelemnul
Zin
The Shining One

Shops:
D:6 ![   D:7 [


Innate Abilities, Weirdness & Mutations

You reflexively headbutt those who attack you in melee.
You have a pair of horns on your head.
You have supernaturally acute eyesight. (SInv)
You possess an exceptional clarity of mind.
You evolve.


Message History

You headbutt the orc warrior!
You kill the orc warrior!
Okawaru accepts your kill.
You hit the komodo dragon.
The komodo dragon is lightly wounded.
The komodo dragon bites you.
You slash the komodo dragon!
The komodo dragon is moderately wounded.
You hit the komodo dragon.
The komodo dragon is heavily wounded.
The komodo dragon bites you!
* * * LOW HITPOINT WARNING * * *
You gain the combat prowess of a mighty hero.
The komodo dragon bites you!
* * * LOW HITPOINT WARNING * * *
The kobold throws a stone.
You block the stone.
You slice the komodo dragon!! Your headbutt misses the komodo dragon.
The komodo dragon is almost dead.
The komodo dragon bites you!
You die...

#..# ...# #. #..# ##.. ##
#..## #..### .# #...#
##.... )# #...# #...#
)###...# ##..# .
)##....### #K..# #.
%##.##...# ###.#@##.
....##.#.###...#l#.$ #
#..###.#..##.##.o#.# .#
...#..........#.##.##.#
.#..............##o...#
.##..............ool..#
.##.######...####K.##./...
.##.# #..... #.## 8.. .#
.. ....##. #.# .


You could see a komodo dragon, an orc and a kobold.

Vanquished Creatures
  An ogre mage (D:10)
  A minotaur (Lab)
  A hill giant (D:11)
  4 ugly things
  A cyclops (D:11)
  2 kobold demonologists
  2 trolls
  2 two-headed ogres
  A minotaur skeleton (Lab)
  A slime creature (D:10)
  6 hippogriffs
  Sigmund (D:5)
  5 yaks (D:11)
  A hungry ghost (Lab)
  Menkaure (D:4)
  A steam dragon (D:7)
  2 soldier ants
  A water moccasin (D:5)
  3 orc warriors
  A phantom (D:7)
  4 sky beasts
  An ice beast (D:11)
  2 black bears
  8 ogres
  6 centaurs
  A necrophage (D:8)
  2 big kobolds
  8 bullfrogs
  A gnoll sergeant (D:10)
  2 scorpions
  A wyvern skeleton (D:9)
  3 killer bees (D:8)
  A crimson imp (D:8)
  3 howler monkeys (D:9)
  A lava snake (D:7)
  3 hounds
  Crazy Yiuf (D:5)
  3 bullfrog skeletons
  10 orc priests
  12 orc wizards
  3 centaur skeletons
  4 iguanas
  8 worker ants
  A howler monkey zombie (D:11)
  2 worker ant zombies
  8 adders
  12 gnolls
  A shadow imp (D:7)
  An ooze (D:5)
  An adder skeleton (D:9)
  A worm (D:3)
  2 dart slugs
  8 leopard geckos
  31 orcs
  2 ball pythons
  9 bats
  4 giant cockroaches
  2 goblins
  6 hobgoblins
  20 jackals
  19 kobolds
  3 quokkas
  A ball python skeleton (D:4)
  6 frilled lizards
  2 jackal zombies (D:7)
  A leopard gecko skeleton (D:5)
  2 leopard gecko zombies
  A quokka skeleton (D:6)
  6 rats (D:1)
278 creatures vanquished.

Notes
Turn   | Place    | Note
-------+----------+-------------------------------------------
     0 | D:1      | George the Minotaur Fighter began the quest for the Orb.
     0 | D:1      | Reached XP level 1. HP: 19/19 MP: 0/0
   116 | D:1      | Reached XP level 2. HP: 27/27 MP: 1/1
   133 | D:1      | Reached skill level 3 in Long Blades
   424 | D:2      | Reached XP level 3. HP: 30/33 MP: 2/2
   668 | D:2      | Found a stormy altar of Qazlal.
  1011 | D:3      | Reached XP level 4. HP: 34/40 MP: 3/3
  1143 | D:3      | Reached skill level 4 in Long Blades
  1573 | D:3      | Reached XP level 5. HP: 36/47 MP: 4/4
  1841 | D:4      | Reached skill level 5 in Long Blades
  2062 | D:4      | Reached XP level 6. HP: 53/53 MP: 5/5
  2085 | D:4      | Reached skill level 5 in Shields
  2088 | D:4      | Reached skill level 5 in Armour
  2092 | D:4      | Reached skill level 5 in Fighting
  2463 | D:4      | Noticed Menkaure
  2471 | D:4      | Killed Menkaure
  2471 | D:4      | Reached skill level 6 in Long Blades
  2476 | D:4      | Reached XP level 7. HP: 38/61 MP: 6/6
  2849 | D:5      | Entered Level 5 of the Dungeon
  3048 | D:5      | Reached skill level 7 in Long Blades
  3332 | D:5      | Noticed Sigmund
  3356 | D:5      | Killed Sigmund
  3432 | D:5      | Found a runed door.
  3686 | D:5      | Reached XP level 8. HP: 70/70 MP: 7/7
  3801 | D:5      | Noticed Crazy Yiuf
  3807 | D:5      | Killed Crazy Yiuf
  3890 | D:6      | Found Baabrass's Distillery.
  3893 | D:6      | Bought a potion of heal wounds for 70 gold pieces
  3893 | D:6      | Bought a potion of curing for 42 gold pieces
  4119 | D:6      | Reached skill level 8 in Long Blades
  4720 | D:6      | Reached skill level 9 in Long Blades
  4734 | D:6      | Gained mutation: You evolve. [mutagenic meat]
  4794 | D:6      | Found Doin's Antique Armour Boutique.
  5112 | D:7      | Reached XP level 9. HP: 72/79 MP: 8/8
  5288 | D:7      | Found Fuborr's Armour Shop.
  5501 | D:7      | Reached skill level 10 in Long Blades
  5568 | D:7      | Found a staircase to the Ecumenical Temple.
  5591 | Temple   | Entered the Ecumenical Temple
  5701 | Temple   | Became a worshipper of Warmaster Okawaru
  5848 | D:7      | Gained mutation: You possess an exceptional clarity of mind. [evolution]
  6323 | D:8      | Reached skill level 1 in Invocations
  6696 | D:8      | Reached * piety under Okawaru
  6943 | D:9      | Found a staircase to the Lair.
  7069 | D:9      | Reached XP level 10. HP: 81/89 MP: 10/10
  7178 | D:9      | Found a burning altar of Makhleb.
  7252 | D:9      | Identified the Compendium of Lightness
  7427 | D:10     | Entered Level 10 of the Dungeon
  7654 | D:10     | Reached ** piety under Okawaru
  7861 | D:10     | Reached skill level 11 in Long Blades
  8040 | D:10     | Noticed an ogre mage
  8057 | D:10     | Killed an ogre mage
  8057 | D:10     | Reached *** piety under Okawaru
  8312 | D:11     | Noticed a cyclops
  8331 | D:11     | Killed a cyclops
  8431 | D:11     | Found a labyrinth entrance.
  8435 | Lab      | Entered a labyrinth
  8716 | Lab      | Received a gift from Okawaru
 10491 | Lab      | Noticed a minotaur
 10498 | Lab      | Killed a minotaur
 10498 | Lab      | Reached skill level 10 in Shields
 10498 | Lab      | Reached XP level 11. HP: 62/99 MP: 10/13
 10535 | D:11     | Identified a +1 rod of ignition (14/14) (You found it in a labyrinth)
 10536 | D:11     | Identified a +5 rod of inaccuracy (12/12) (You found it in a labyrinth)
 10627 | D:11     | Reached skill level 5 in Invocations
 10644 | D:11     | Noticed a white ugly thing
 10656 | D:11     | Killed a white ugly thing
 10656 | D:11     | Reached skill level 10 in Armour
 11003 | D:11     | Gained mutation: You have supernaturally acute eyesight. (SInv) [evolution]
 11076 | D:11     | Noticed a white ugly thing
 11085 | D:11     | Killed a white ugly thing
 11085 | D:11     | Reached skill level 10 in Fighting
 11192 | D:11     | Reached **** piety under Okawaru
 11347 | D:11     | Noticed a hill giant
 11354 | D:11     | Killed a hill giant
 11386 | D:11     | Found a large runed door.
 11386 | D:11     | Found a large runed door.
 11400 | D:11     | Reached skill level 12 in Long Blades
 11408 | D:11     | Found a large runed door.
 11408 | D:11     | Found a large runed door.
 11417 | D:11     | Noticed a brown ugly thing
 11438 | D:11     | Killed a brown ugly thing
 11438 | D:11     | Reached ***** piety under Okawaru
 11863 | D:12     | Noticed a sun demon
 12000 | D:12     | Noticed a cyan ugly thing
 12010 | D:12     | Killed a cyan ugly thing
 12029 | D:12     | Slain by a komodo dragon

Vault maps used:
D:1:      minmay_arrival_cross
D:2:      nicolae_qazlal_general_emergency
D:3:      corexii_shack_village
D:4:      first_bread, kennysheep_generic_room_9, uniq_menkaure
D:5:      uniq_crazy_yiuf_cottage, uniq_sigmund
D:6:      serial_shops, shop, shop
D:7:      grunt_ogre_cave, kennysheep_diamond, minmay_misc_feat_rows
D:9:      lair_0_dummy, david_defended_altar_orc
D:10:     minivault_25_ag, nicolae_two_hexagons
D:11:     lab_entry_generic, minmay_hollow_rounded_squares
D:12:     david_orc_2, nicolae_looking_at_the_future
Temple:   kilobyte_greek_temple
Lab:      nicolae_lab_quarters

Skill      XL: |  1  2  3  4  5  6  7  8  9 10 11 |
---------------+----------------------------------+-----
Long Blades    | 3 4 5 6 7 9 10 11 12 | 12.3
Armour         | 4 5 6 7 8 9 10 | 10.8
Fighting       | 4 5 6 7 8 9 10 | 10.7
Shields        | 4 5 6 7 8 10 11 | 11.0
Invocations    | 2 4 6 |  6.2

Action                   |  1- 3 |  4- 6 |  7- 9 | 10-12 || total
-------------------------+-------+-------+-------+-------++-------
Melee: Long sword        |   109 |   127 |   397 |   249 ||   882
       Headbutt          |    12 |    22 |    84 |    72 ||   190
Invok: Heroism           |       |       |       |     2 ||     2
Evoke: Wand              |       |       |       |     2 ||     2
       Rod               |       |       |       |    35 ||    35
  Use: Scroll            |       |       |     8 |    10 ||    18
  Eat: Chunk             |       |     5 |    16 |    14 ||    35
       Pizza             |       |       |       |     2 ||     2
       Royal jelly       |       |       |       |     1 ||     1
       Beef jerky        |       |       |       |     1 ||     1
Armor: Scale mail        |    61 |    18 |       |       ||    79
       Chain mail        |       |    23 |   180 |   112 ||   315
Dodge: Dodged            |    30 |    21 |    71 |    60 ||   182
Block: Shield            |    50 |    61 |   183 |   158 ||   452
